 Dungeon Crawl Stone Soup version 0.28-b1-1-g3c77fb2ed1 (webtiles) character file.

Game seed: 15213211768132791055

4185 Maxine the Grappler (level 10, -7/100 HPs)
             Began as a Troll Berserker on Jan 30, 2022.
             Was a High Priest of Trog.
             Mangled by a two-headed ogre (11 damage)
             ... on level 7 of the Dungeon.
             The game lasted 00:35:06 (7149 turns).

Maxine the Grappler (Troll Berserker)               Turns: 7149, Time: 00:35:08

Health: -7/100     AC:  8    Str: 31    XL:     10   Next: 8%
Magic:  3/3        EV: 11    Int:  3    God:    Trog [*****.]
Gold:   486        SH:  0    Dex:  9    Spells: 9/9 levels left

rFire   + . .      SeeInvis .   y - +5 great mace (antimagic)
rCold   x . .      Faith    .   (shield currently unavailable)
rNeg    . . .      Spirit   .   a - +0 animal skin
rPois   .          Reflect  .   (helmet restricted)
rElec   .          Harm     .   (no cloak)
rCorr   .          Rampage  .   (gloves unavailable)
Will    .....                   (boots unavailable)
Stlth   +.........              u - amulet of regeneration
HPRegen 1.86/turn               p - +4 ring of protection
MPRegen 0.08/turn               k - ring of fire

@: on berserk cooldown, hasted and slowed
A: large, unfitting armour, claws 3, regeneration 1, shaggy fur 1, tough skin 1
a: Renounce Religion, Berserk, Trog's Hand, Brothers in Arms


You were on level 7 of the Dungeon.
You worshipped Trog.
Trog was extremely pleased with you.
You visited 1 branch of the dungeon, and saw 8 of its levels.
You also visited: Ossuary.

You collected 486 gold pieces.

Inventory:

Hand Weapons
 y - a +5 antimagic great mace (weapon)
Missiles
 b - 257 stones (quivered)
 A - a throwing net
Armour
 a - a +0 animal skin (worn)
Jewellery
 k - a ring of fire (right claw)
 l - a +6 ring of intelligence
 p - a +4 ring of protection (left claw)
 u - an amulet of regeneration (around neck)
 z - a ring of ice
Wands
 c - a wand of paralysis (12)
 q - a wand of flame (18)
 v - a wand of iceblast (12)
Scrolls
 e - 2 scrolls of enchant armour {unknown}
 h - 2 scrolls of fear
 j - 2 scrolls of noise {unknown}
 m - 3 scrolls of teleportation {unknown}
 n - a scroll of summoning {unknown}
 o - a scroll of amnesia {unknown}
 r - 2 scrolls of fog {unknown}
 w - a scroll of vulnerability {unknown}
 x - a scroll of torment {unknown}
Potions
 d - a potion of might
 f - a potion of haste
 g - 4 potions of curing
 i - 4 potions of heal wounds
 s - a potion of mutation {unknown}
 t - a potion of flight {unknown}


   Skills:
 + Level 6.8 Fighting
 * Level 3.5 Maces & Flails
 - Level 2.9 Throwing
 + Level 6.9 Dodging
 - Level 0.4 Stealth
 - Level 8.7 Unarmed Combat


You had 9 spell levels left.
You didn't know any spells.
Your spell library was empty.

Dungeon Overview and Level Annotations

Branches:
Dungeon (8/15)             Temple (0/1) D:4         Ossuary (visited)
   Lair: D:8-11

Altars:
Fedhas
Xom

Shops:
D:1 !

Annotations:
D:8 1 runed translucent door, kalagan's ghost, novice DrCj


Innate Abilities, Weirdness & Mutations

You are too large for most types of armour.
You have claws for hands.
Your natural rate of healing is unusually fast.
You are covered in fur. (AC +1)
You have tough skin. (AC +1)


Message History

Okay, then.
You feel much better.
The centaur unwields a +0 shortbow.
The centaur hits you but does no damage.
The centaur closely misses you. The centaur hits you. The centaur kicks you.
* * * LOW HITPOINT WARNING * * *
The two-headed ogre barely misses you. The two-headed ogre misses you.
The centaur wields a +0 shortbow.
The centaur shoots an arrow.
The arrow hits you!
* * * LOW HITPOINT WARNING * * *
The centaur shoots an arrow.
The arrow barely misses you.
The centaur unwields a +0 shortbow.
The centaur misses you.
The centaur kicks you but does no damage.
The two-headed ogre hits you with a +0 dire flail.
* * * LOW HITPOINT WARNING * * *
The two-headed ogre barely misses you.
There is an escape hatch in the ceiling here.
The centaur hits you.
* * * LOW HITPOINT WARNING * * *
The centaur kicks you but does no damage.
The two-headed ogre hits you with a +0 dire flail.
* * * LOW HITPOINT WARNING * * *
The two-headed ogre misses you. The centaur hits you.
* * * LOW HITPOINT WARNING * * *
The centaur closely misses you. A mysterious force pulls you upwards.
The hatch slams shut behind you.
You feel yourself speed up.
The centaur hits you but does no damage.
The centaur kicks you but does no damage.
The two-headed ogre misses you.
The two-headed ogre hits you with a +0 giant club.
* * * LOW HITPOINT WARNING * * *
The centaur barely misses you.
The centaur kicks you but does no damage.
You bludgeon the two-headed ogre!!
The two-headed ogre is severely wounded.
The centaur closely misses you. The centaur barely misses you.
The two-headed ogre hits you with a +0 dire flail!!
* * * LOW HITPOINT WARNING * * *
The two-headed ogre hits you with a +0 giant club!
You die...

##.#........##.....
##.#>#####.####### #.#†#
#.# # #.#.# #.# ## #.#.#
#.# #. #...# #.# #.
###.# #.# #.
######[#####.# #.
#..@c........######.
#.#O...#####........
##.#.##.#####........
##....##.##.....#####.
##.....##..............
##.......#..#.##.######.
#.............##.# #.
#.....<..#.#####.# #.
#.#......#.#####.######.


You could see a two-headed ogre and a centaur.

Vanquished Creatures
  2 steam dragons
  2 orc warriors (D:8)
  2 sky beasts (D:7)
  A hornet zombie (D:8)
  4 black bears
  4 ogres
  A necrophage (D:7)
  An ice beast (D:5)
  2 centaurs
  5 elf zombies (Ossuary)
  A kobold brigand (D:8)
  A bullfrog (D:7)
  A wyvern zombie (D:7)
  7 scorpions
  A water moccasin zombie (D:6)
  A killer bee (D:7)
  3 howler monkeys
  A human zombie (Ossuary)
  3 bullfrog zombies (D:6)
  2 centaur zombies
  A hound (D:5)
  2 centaur skeletons
  2 orc priests (D:8)
  2 jellies
  5 iguanas
  7 orc wizards
  A scorpion zombie (D:5)
  A killer bee zombie (D:7)
  4 hound zombies
  3 mummies (Ossuary)
  4 gnolls (D:2)
  A howler monkey skeleton (D:6)
  12 river rats (D:7)
  9 adders
  2 ufetubi
  4 adder zombies (Ossuary)
  2 dart slugs
  32 orcs
  21 bats
  7 endoplasms
  4 giant cockroaches
  8 hobgoblins
  4 jackals (D:3)
  8 quokkas
  2 ball pythons
  10 frilled lizards
  11 goblins
  3 goblin zombies (Ossuary)
  5 hobgoblin zombies (Ossuary)
  3 jackal zombies (Ossuary)
  5 kobolds
  3 kobold zombies (Ossuary)
  3 quokka zombies (Ossuary)
  23 rats
  4 rat zombies (Ossuary)
263 creatures vanquished.

Vanquished Creatures (others)
  2 fungi (D:1)
  9 plants (D:6)
11 creatures vanquished.

Grand Total: 274 creatures vanquished

Notes
Turn   | Place    | Note
-------+----------+-------------------------------------------
     0 | D:1      | Maxine the Troll Berserker began the quest for the Orb.
     0 | D:1      | Reached XP level 1. HP: 22/22 MP: 0/0
    77 | D:1      | Found Wasmopio's Distillery.
   179 | D:1      | Reached XP level 2. HP: 29/29 MP: 1/1
   222 | D:1      | Found a faded altar of an unknown god.
   811 | D:2      | Reached XP level 3. HP: 36/36 MP: 2/2
  1124 | D:2      | Reached ** piety under Trog
  1138 | D:2      | Reached XP level 4. HP: 38/44 MP: 3/3
  1336 | D:2      | Reached skill level 1 in Throwing
  1674 | D:3      | Reached skill level 4 in Unarmed Combat
  1933 | D:3      | Reached XP level 5. HP: 53/53 MP: 4/4
  2472 | D:4      | Reached XP level 6. HP: 30/61 MP: 5/5
  2487 | D:4      | Reached *** piety under Trog
  2649 | D:4      | Found a staircase to the Ecumenical Temple.
  2787 | D:4      | Reached skill level 5 in Unarmed Combat
  2909 | D:4      | Identified the +4 whip of Guile {pain, Str+2 Dex+3}
  2987 | D:4      | Reached XP level 7. HP: 38/67 MP: 6/6
  3037 | D:4      | Noticed a steam dragon
  3047 | D:4      | Killed a steam dragon
  3048 | D:4      | Reached skill level 6 in Unarmed Combat
  3363 | D:5      | Entered Level 5 of the Dungeon
  3579 | D:5      | Reached XP level 8. HP: 57/78 MP: 7/7
  3798 | D:5      | Reached **** piety under Trog
  4008 | D:5      | Reached skill level 7 in Unarmed Combat
  4147 | D:5      | Reached skill level 5 in Dodging
  4533 | D:6      | Found a sand-covered staircase.
  4542 | Ossuary  | Entered an ossuary
  4577 | Ossuary  | Reached skill level 5 in Fighting
  4736 | Ossuary  | Reached ***** piety under Trog
  4857 | Ossuary  | Reached XP level 9. HP: 88/88 MP: 8/8
  5011 | D:6      | Reached skill level 8 in Unarmed Combat
  5761 | D:7      | Found a blossoming altar of Fedhas.
  6273 | D:7      | Received a gift from Trog
  6326 | D:7      | Reached skill level 1 in Maces & Flails
  6660 | D:8      | Found a runed translucent door.
  6660 | D:8      | Found a shimmering altar of Xom.
  6660 | D:8      | Noticed kalagan's ghost (novice DrCj)
  6660 | D:8      | Noticed a +2 rapier of chaos
  6975 | D:8      | Reached XP level 10. HP: 70/100 MP: 3/9
  7128 | D:8      | Noticed a two-headed ogre
  7149 | D:7      | HP: 4/100 [two-headed ogre (20)]
  7149 | D:7      | Mangled by a two-headed ogre

Illustrated notes

Levels and vault maps discovered:
D:1:      wheals_arrival_linesprint, layout_rooms, serial_shops, shop,
          shapermc_ecumenical_altar_acropolis
D:2:      layout_basic, st_stairs_1, minmay_misc_feat_cross, minmay_quantized
D:3:      minmay_octagon_keep, layout_basic
D:4:      minmay_inner_zag, layout_rooms, temple_hall,
          minmay_goblin_kobold_house
D:5:      layout_basic, roderic_batcave, hangedman_decor_peaks_small
D:6:      layout_layer_cave, enter_ossuary_3, minmay_lizard_king
D:7:      lemuel_ratsnest, layout_loops_ring, fedhas_altar_2
D:8:      layout_basic, nicolae_overflow_hidden_temple,
          mainiacjoe_overflow_six_doors_small, ebering_ghost_xom

Skill      XL: |  1  2  3  4  5  6  7  8  9 |
---------------+----------------------------+-----
Fighting       | 3 4 5 6 |  6.8
Dodging        | 3 4 5 6 |  6.9
Throwing       | 1 2 |  2.9
Unarmed Combat | 4 5 6 7 8 |  8.7
Maces & Flails | 3 |  3.5
Stealth        | |  0.4

Action                   |  1- 3 |  4- 6 |  7- 9 | 10-12 || total
-------------------------+-------+-------+-------+-------++-------
Melee: Unarmed           |    63 |   144 |   349 |       ||   556
       Punch             |     2 |     3 |    10 |       ||    15
       Great mace        |       |       |   131 |    21 ||   152
Throw: Stone             |    40 |    80 |   164 |     8 ||   292
Invok: Berserk           |     1 |     2 |     2 |     1 ||     6
  Use: Scroll            |       |     4 |     4 |       ||     8
       Potion            |       |       |       |     2 ||     2
 Stab: Sleeping          |       |       |     1 |       ||     1
Armor: Animal skin       |    14 |    40 |   209 |    19 ||   282
Dodge: Dodged            |    20 |    83 |   252 |    33 ||   388
